 Dungeon Crawl Stone Soup version 0.28.0-49-g6dfe1f597d (webtiles) character file.

Game seed: 18048615152290769203

26 Exodus22XD the Covered (level 2, 13/28 HPs)
             Began as a Deep Dwarf Fighter on May 14, 2022.
             Was a Follower of Vehumet.
             Quit the game on level 1 of the Dungeon.
             The game lasted 00:00:29 (153 turns).

Exodus22XD the Covered (Deep Dwarf Fighter)          Turns: 153, Time: 00:00:29

Health: 13/28      AC:  7    Str: 19    XL:     2   Next: 89%
Magic:  2/2        EV:  9    Int:  8    God:    Vehumet [*.....]
Gold:   16         SH:  4    Dex: 12    Spells: 1/1 levels left

rFire   . . .      SeeInvis .   a - +0 war axe
rCold   . . .      Faith    .   c - +0 buckler
rNeg    . . .      Spirit   .   b - +0 scale mail
rPois   .          Reflect  .   (no helmet)
rElec   .          Harm     .   (no cloak)
rCorr   .          Rampage  .   (no gloves)
Will    .....                   (no boots)
Stlth   ..........              (no amulet)
HPRegen 0.00/turn               (no ring)
MPRegen 0.08/turn               (no ring)

@: no status effects
A: damage resistance, heal wounds, sense surroundings 1, no regeneration
a: Heal Wounds, Renounce Religion


You were on level 1 of the Dungeon.
You worshipped Vehumet.
Vehumet was aware of your devotion.
You visited 1 branch of the dungeon, and saw 1 of its levels.

You collected 16 gold pieces.

Inventory:

Hand Weapons
 a - a +0 war axe (weapon)
Armour
 b - a +0 scale mail (worn)
 c - a +0 buckler (worn)
Potions
 d - a potion of might
 e - a potion of flight {unknown}


   Skills:
 + Level 3.0 Fighting
 + Level 2.7 Axes
 + Level 3.7 Armour
 + Level 3.5 Shields


You had one spell level left.
You didn't know any spells.
Your spell library was empty.

Dungeon Overview and Level Annotations

Branches:
Dungeon (1/15)

Altars:
Vehumet


Innate Abilities, Weirdness & Mutations

You are resistant to damage.
You can heal yourself by infusing magical energy.
You passively map a small area around you.
You do not regenerate.


Message History

You slash the goblin!
You kill the goblin!
You closely miss the hobgoblin. You block the hobgoblin's attack.
The hobgoblin barely misses you. The endoplasm freezes you.
You are frozen.
You see here a hobgoblin corpse.
Found a sapphire potion.
A dart slug comes into view.
You slash the hobgoblin!
You kill the hobgoblin!
You hit the endoplasm. You slash the withered plant!
The withered plant begins to crumble.
The endoplasm hits you but does no damage.
Your Fighting skill increases to level 3!
The endoplasm hits you but does no damage.
Things that are here:
4 gold pieces; a hobgoblin corpse A nearby fungus withers and dies.
The endoplasm closely misses you.
You hit the endoplasm but do no damage.
The endoplasm is lightly wounded.
You slash the withered plant!
The withered plant crumbles away.
You block the endoplasm's attack.
The endoplasm hits you but does no damage.
You slash the endoplasm!
You kill the endoplasm!
The dart slug bites you but does no damage.
You slash the dart slug!
You kill the dart slug!
There is a faded altar of an unknown god here.
You cannot tell which god this altar belongs to.
Convert to them anyway?
Vehumet accepts your prayer! Vehumet welcomes you!
You can now gain magical power from killing.
Vehumet offers you knowledge of Freeze.
Unknown command.
Press < or > to pray at altars.
Unknown command.
Press < or > to pray at altars.
Are you sure you want to abandon this character and quit the game? (Confirm with "yes".)

....=..........#
##........## *
*#.............##
##......##
#.....#.....##
*###.###### *
##..##.#########.##.#
*
##.###....#...P###.#
#......P#.......##**
##P...)†$#.......
#P...PP...#.....P. ,*
,
#....P....@..P...P,,
,
**#.........#...!...
#.##..PP..P#......P*
** ##
#.P..P..#..P.P..
#.###....#..PP### *
## #.#########.# ##
##


There were no monsters in sight!

Vanquished Creatures
  A dart slug (D:1)
  2 ball pythons (D:1)
  7 endoplasms (D:1)
  2 goblins (D:1)
  4 hobgoblins (D:1)
  2 kobolds (D:1)
  2 frilled lizards (D:1)
  A rat (D:1)
21 creatures vanquished.

Vanquished Creatures (others)
  A demonic plant (D:1)
  2 fungi (D:1)
  A plant (D:1)
  3 withered plants (D:1)
7 creatures vanquished.

Grand Total: 28 creatures vanquished

Notes
Turn   | Place    | Note
-------+----------+-------------------------------------------
     0 | D:1      | Exodus22XD the Deep Dwarf Fighter began the quest for the
                  | Orb.
     0 | D:1      | Reached XP level 1. HP: 20/20 MP: 1/1
    74 | D:1      | Reached XP level 2. HP: 21/27 MP: 2/2
   134 | D:1      | Found a faded altar of an unknown god.
   152 | D:1      | Prayed at the altar of an unknown god.
   152 | D:1      | Became a worshipper of Vehumet
   152 | D:1      | Reached * piety under Vehumet
   152 | D:1      | Offered knowledge of Freeze by Vehumet.
   153 | D:1      | Quit the game

Illustrated notes

Levels and vault maps discovered:
D:1:      wander_arrival_desolate, layout_rooms, shapermc_ecumenical_altar_gd

Skill      XL: |  1  2 |
---------------+-------+-----
Fighting       | 3 |  3.0
Axes           | |  2.7
Armour         | |  3.7
Shields        | |  3.5

Action                   || total
-------------------------++-------
Melee: War axe           ||    39
Armor: Scale mail        ||    16
Dodge: Dodged            ||    16
Block: Buckler           ||    12
